 Dungeon Crawl Stone Soup version 0.17-a0-1655-g88a8506 (webtiles) character file.

1471 HenryFlower the Grappler (level 8, -1/67 HPs)
             Began as a Troll Earth Elementalist on Aug 15, 2015.
             Was an Initiate of Cheibriados.
             Shot with a sling bullet of flame by Joseph (4 damage)
             ... on level 7 of the Dungeon.
             The game lasted 00:10:09 (5348 turns).

HenryFlower the Grappler (Troll Earth Elementalist) Turns: 5348, Time: 00:10:09

Health: -1/67      AC:  6    Str: 18    XL:     8   Next: 49%
Magic:  8/8        EV: 10    Int: 14    God:    Cheibriados [......]
Gold:   382        SH:  0    Dex: 11    Spells: 2 memorised, 5 levels left

rFire  . . .     SeeInvis .       - Unarmed
rCold  . . .     Clarity  +     b - +0 robe
rNeg   + . .     SustAt   .     (no shield)
rPois  +         Gourm    +     (helmet restricted)
rElec  .         Spirit   .     t - +0 cloak {rPois}
rCorr  .         Warding  .     (gloves unavailable)
rMut   .         Stasis   .     (boots unavailable)
MR     .....                    q - amulet of clarity
Stlth  +.........               v - ring of positive energy
                                i - +4 ring of slaying

@: very slow, not resistant to hostile enchantments, very unstealthy
A: unfitting armour, claws 3, fast metabolism 3, gourmand, regeneration 2,
shaggy fur 1, tough skin 2
a: Bend Time, Renounce Religion


You were on level 7 of the Dungeon.
You worshipped Cheibriados.
Cheibriados was noncommittal.
You were completely stuffed.

You visited 2 branches of the dungeon, and saw 8 of its levels.

You collected 382 gold pieces.

Inventory:

Missiles
 a - 241 stones
 h - a steel javelin (quivered)
Armour
 b - a +0 robe (worn)
 t - a +0 cloak of poison resistance (worn)
Jewellery
 f - an uncursed ring of fire
 i - a +4 ring of slaying (left claw)
 q - an amulet of clarity (around neck)
 v - a ring of positive energy (right claw)
Magical devices
 o - a wand of magic darts (22)
Scrolls
 g - 2 scrolls of fog {unknown}
 k - 2 scrolls of magic mapping
 l - a scroll of teleportation {unknown}
 s - 2 scrolls of recharging {unknown}
 x - a scroll of blinking {unknown}
 y - 3 scrolls of immolation
 C - 2 scrolls of remove curse {unknown}
Potions
 e - a potion of agility
 j - 2 potions of magic
 m - a potion of curing
 n - 2 potions of might
 p - a potion of cancellation
 w - 2 potions of flight
 A - 3 potions of heal wounds {unknown}
 B - a potion of invisibility {unknown}
Books
 c - a book of Geomancy

   Spells                             Type                      Level
   a - Sandblast                      Earth                        1
   b - Stoneskin                      Transmutation/Earth          2
   c - Passwall                       Transmutation/Earth          3
   d - Stone Arrow                    Conjuration/Earth            3
   e - Petrify                        Transmutation/Earth          4
   f - Lee's Rapid Deconstruction     Earth                        5
Comestibles
 d - 4 bread rations
 r - 3 meat rations
 u - a slice of pizza
 z - 4 fruits
 D - 2 chunks of flesh


   Skills:
 - Level 1.5 Dodging
 - Level 1.1 Stealth
 + Level 10.3 Unarmed Combat
 - Level 1.2 Spellcasting
 - Level 0.6 Transmutations
 - Level 3.0 Earth Magic


You had 5 spell levels left.
You knew the following spells:

 Your Spells              Type           Power        Failure   Level  Hunger
a - Sandblast             Erth           #.....       10%         1    ##.....
b - Passwall              Trmt/Erth      #.........   38%         3    ####...


Dungeon Overview and Level Annotations

Branches:
Dungeon (7/15)             Temple (1/1) D:6

Altars:
Cheibriados
Elyvilon
Fedhas
Gozag
Kikubaaqudgha
Makhleb
Okawaru
Qazlal
Ru
Sif Muna
Trog
Vehumet
Zin
The Shining One

Shops:
D:5 [

Annotations:
D:7 Joseph


Innate Abilities, Weirdness & Mutations

You are too large for most types of armour.
You have claws for hands.
Your metabolism is lightning-fast.
You like to eat raw meat.
You heal very quickly.
You are covered in fur (AC +1).
You have very tough skin (AC +2).


Message History

You feel better.
Joseph shoots a sling bullet of flame.
The sling bullet of flame hits you!!
* * * LOW HITPOINT WARNING * * *
The sling bullet of flame burns you.
* * * LOW HITPOINT WARNING * * *
You see here a sling bullet of flame.
Unknown command.
Joseph shoots a sling bullet of flame.
The sling bullet of flame barely misses you.
You see here 8 gold pieces.
Unknown command.
You hear a zap.
You hear a grinding noise.
Joseph shoots a sling bullet of flame.
The sling bullet of flame hits you!
* * * LOW HITPOINT WARNING * * *
The sling bullet of flame burns you.
* * * LOW HITPOINT WARNING * * *
Joseph shoots a sling bullet of flame.
The sling bullet of flame hits you!
* * * LOW HITPOINT WARNING * * *
The sling bullet of flame burns you.
You die...

###### #....# #....#
#....#
##########....#######
#.........((...@.(..+
#.##########$#......#
####.##########.@# .
....>............+
##############..##
#.#.#
############.##.#
..............#.#
#############)#.# .
............#.#
###.....##....#.


You could see Joseph.

Vanquished Creatures
  The ghost of gyromatic4 the Skirmisher, an average DrBe of Trog (D:4)
  Menkaure (D:4)
  A sky beast (D:4)
  2 ogres
  Blork the orc (D:4)
  2 scorpions
  2 crimson imps (D:5)
  2 jellies
  Crazy Yiuf (D:3)
  3 orc priests
  4 hounds
  2 iguanas (D:6)
  3 worker ants
  A killer bee zombie (D:6)
  10 adders
  2 gnolls (D:2)
  8 worms
  5 giant geckos
  17 orcs
  2 ball pythons (D:2)
  4 bats
  4 hobgoblins
  2 kobolds
  7 quokkas
  A ball python skeleton (D:5)
  3 giant cockroaches
  3 giant newts
  7 goblins
  8 rats
  A fungus (D:6)
110 creatures vanquished.

Notes
Turn   | Place    | Note
--------------------------------------------------------------
     0 | D:1      | HenryFlower the Troll Earth Elementalist began the quest for the Orb.
     0 | D:1      | Reached XP level 1. HP: 16/16 MP: 1/1
   156 | D:1      | Reached skill level 1 in Unarmed Combat
   156 | D:1      | Reached skill level 3 in Earth Magic
   214 | D:1      | Reached XP level 2. HP: 21/24 MP: 2/2
   872 | D:2      | Reached XP level 3. HP: 31/31 MP: 3/3
  1275 | D:2      | Reached XP level 4. HP: 36/39 MP: 4/4
  1530 | D:3      | Reached skill level 4 in Unarmed Combat
  1540 | D:3      | Reached XP level 5. HP: 39/45 MP: 5/5
  1624 | D:3      | Noticed Crazy Yiuf
  1629 | D:3      | Killed Crazy Yiuf
  1961 | D:3      | Reached skill level 5 in Unarmed Combat
  2173 | D:3      | Found a deep blue altar of Sif Muna.
  2173 | D:3      | Found a glowing golden altar of the Shining One.
  2254 | D:4      | Noticed gyromatic4's ghost (average DrBe)
  2288 | D:4      | Killed gyromatic4's ghost
  2288 | D:4      | Reached skill level 6 in Unarmed Combat
  2288 | D:4      | Reached XP level 6. HP: 18/53 MP: 6/6
  2507 | D:4      | Noticed Blork the orc
  2513 | D:4      | Killed Blork the orc
  2513 | D:4      | Reached skill level 7 in Unarmed Combat
  2513 | D:4      | Reached XP level 7. HP: 42/59 MP: 7/7
  2648 | D:4      | Noticed Menkaure
  2658 | D:4      | Killed Menkaure
  2658 | D:4      | Reached skill level 8 in Unarmed Combat
  3449 | D:5      | Entered Level 5 of the Dungeon
  3465 | D:5      | Found Loriz's Armour Boutique.
  3617 | D:5      | Found a stormy altar of Qazlal.
  3618 | D:5      | Found a blossoming altar of Fedhas.
  3777 | D:5      | Found a snail-covered altar of Cheibriados.
  3809 | D:5      | Reached skill level 9 in Unarmed Combat
  3816 | D:5      | Reached XP level 8. HP: 61/67 MP: 8/8
  4034 | D:6      | Found a deep blue altar of Sif Muna.
  4183 | D:6      | Found a staircase to the Ecumenical Temple.
  4191 | Temple   | Entered the Ecumenical Temple
  4421 | D:5      | Became a worshipper of Cheibriados the Contemplative
  4494 | D:6      | Learned a level 3 spell: Passwall
  4734 | D:6      | Reached skill level 10 in Unarmed Combat
  5337 | D:7      | Noticed Joseph
  5348 | D:7      | HP: 3/67 [Joseph/sling bullet of flame (9)]
  5348 | D:7      | Shot with a sling bullet of flame by Joseph

Vault maps used:
D:1:      minmay_arrival_radiant_lines
D:2:      kennysheep_generic_room_6
D:3:      gammafunk_temple_overflow_pools, uniq_crazy_yiuf_cottage
D:4:      first_bread, kennysheep_another_room, minmay_crossroads,
          uniq_menkaure, uniq_blork_the_orc
D:5:      grunt_temple_overflow_forces_of_nature, lemuel_doored_altar,
          serial_shops, nicolae_shop_statue_plus
D:6:      minmay_temple_entry_steel_oval, basic_altar, minmay_gold_behind_fungi
D:7:      grunt_livestock, water_boxes_lemuel, uniq_joseph
Temple:   jpeg_temple_clearing_9

Action                   |  1- 3 |  4- 6 |  7- 9 || total
-------------------------+-------+-------+-------++-------
Melee: Unarmed           |    77 |    84 |   141 ||   302
Throw: Javelin           |     1 |     7 |     4 ||    12
       Stone             |       |     1 |       ||     1
 Cast: Sandblast         |     1 |       |       ||     1
  Use: Scroll            |       |     4 |     5 ||     9
       Potion            |       |     1 |     2 ||     3
 Stab: Sleeping          |       |     1 |     4 ||     5
  Eat: Chunk             |    17 |    11 |    28 ||    56
